 Dungeon Crawl Stone Soup version 0.30-a0-739-gea05faddec (webtiles) character file.

Game seed: 2141182477974247479

960 kingofthe the Chopper (level 8, -6/67 HPs)
             Began as a Gnoll Chaos Knight on Feb 4, 2023.
             Was a Plaything of Xom.
             Mangled by an iguana (11 damage)
             ... on level 6 of the Dungeon.
             The game lasted 00:13:46 (5770 turns).

kingofthe the Chopper (Gnoll Chaos Knight)          Turns: 5770, Time: 00:13:46

Health: -6/67      AC:  7    Str:  9    XL:     8   Next: 14%
Magic:  12/12      EV:  7    Int: 14    God:    Xom [*.....]
Gold:   210        SH:  0    Dex: 18    Spells: 9/13 levels left

rFire   . . .      SeeInvis +    a - +2 dagger of Jafuvung {heavy, rC+}
rCold   + . .      Faith    .    (no shield)
rNeg    + . .      Spirit   .    j - +2 leather armour
rPois   .          Reflect  .    (no helmet)
rElec   .          Harm     .    (no cloak)
rCorr   .          Rampage  .    (no gloves)
Will    .....                    H - +0 pair of boots
Stlth   ++                       (no amulet)
HPRegen 0.31/turn                q - ring of positive energy
MPRegen 0.13/turn                G - ring of wizardry

@: about to teleport, held
A: fangs 1, strong nose, distributed training, see invisible, agile 1, clever 1,
MP-powered wands
a: Renounce Religion


You were on level 6 of the Dungeon.
You worshipped Xom.
You were a special plaything of Xom.
You visited 1 branch of the dungeon, and saw 6 of its levels.

You collected 259 gold pieces.
You spent 49 gold pieces at shops.

Inventory:

Hand Weapons
 a - the +2 dagger of Jafuvung (weapon) {heavy, rC+}
   (You found it on level 2 of the Dungeon)

   rC:        It protects you from cold.
 b - a +0 shortbow
 l - a +0 hand axe of chaos
 v - a +0 sling
 A - a +2 short sword of draining
Missiles
 D - a throwing net
Armour
 j - a +2 leather armour (worn)
 H - a +0 pair of boots (worn)
Magical Staves
 i - a staff of conjuration
Jewellery
 q - a ring of positive energy (left hand)
 G - a ring of wizardry (right hand)
 K - an amulet of faith
Wands
 C - a wand of flame (17)
Scrolls
 g - 5 scrolls of noise
 h - 9 scrolls of identify
 k - 3 scrolls of teleportation
 m - a scroll of vulnerability {unknown}
 r - 2 scrolls of magic mapping {unknown}
 u - a scroll of amnesia {unknown}
 w - a scroll of summoning {unknown}
 y - 2 scrolls of silence {unknown}
 z - a scroll of fear {unknown}
 E - a scroll of immolation {unknown}
 F - a scroll of torment {unknown}
 J - a scroll of blinking {unknown}
 M - a scroll of brand weapon {unknown}
Potions
 d - 4 potions of curing
 e - a potion of cancellation {unknown}
 f - 5 potions of might {unknown}
 n - 2 potions of flight
 o - 4 potions of heal wounds {unknown}
 p - a potion of haste {unknown}
 s - 3 potions of degeneration {unknown}
 t - a potion of brilliance {unknown}
 x - 2 potions of mutation {unknown}
 B - a potion of magic {unknown}
 I - a potion of resistance {unknown}
 L - a potion of invisibility {unknown}
Miscellaneous
 c - a piece from Xom's chessboard (15/15) (quivered)


   Skills:
 + Level 7.3 Fighting
 + Level 3.1 Short Blades
 + Level 3.1 Long Blades
 + Level 7.3 Axes
 + Level 3.1 Maces & Flails
 + Level 3.1 Polearms
 + Level 3.1 Staves
 + Level 3.1 Ranged Weapons
 + Level 3.1 Throwing
 + Level 5.6 Armour
 + Level 4.1 Dodging
 + Level 3.1 Stealth
 + Level 3.1 Shields
 + Level 3.1 Unarmed Combat
 + Level 3.1 Spellcasting
 + Level 2.5 Conjurations
 + Level 2.5 Hexes
 + Level 2.5 Summonings
 + Level 2.5 Necromancy
 + Level 2.5 Translocations
 + Level 2.5 Transmutations
 + Level 2.5 Fire Magic
 + Level 2.5 Ice Magic
 + Level 2.5 Air Magic
 + Level 2.5 Earth Magic
 + Level 2.5 Poison Magic
 + Level 3.4 Invocations
 + Level 3.1 Evocations


You had 9 spell levels left.
You knew the following spells:

 Your Spells              Type           Power      Damage    Failure   Level
a - Summon Small Mammal   Summ           36%        N/A       4%          1
b - Call Canine Familiar  Summ           9%         N/A       12%         3

Your spell library contained the following spells:

 Spells                   Type           Power      Damage    Failure   Level
 Foxfire                  Conj/Fire      36%        2x1d5     4%          1
 Summon Guardian Golem    Hex/Summ       9%         N/A       12%         3
 Fireball                 Conj/Fire      4%         3d4       69%         5
 Starburst                Conj/Fire      4%         6d4       99%         6


Dungeon Overview and Level Annotations

Branches:
Dungeon (6/15)
 Temple: D:4-7

Altars:
Ashenzari
Cheibriados
Elyvilon
Ru
Sif Muna
Wu Jian
Xom

Shops:
D:2 [


Innate Abilities, Weirdness & Mutations

You have very sharp teeth.
Your uncanny sense of smell can sniff out nearby items.
Your experience applies equally to all skills.
You have supernaturally acute eyesight. (SInv)
You are agile. (Dex +4, Str/Int -1)
Your mind is acute. (Int +4, Str/Dex -1)
You expend magic power (3 MP) to strengthen your wands.


Message History

The orc wizard is lightly wounded.
The orc completely misses you. The orc wizard misses you.
The black bear bites you.
The black bear claws you but does no damage.
The black bear claws you.
You barely miss the orc wizard.
The orc wizard is lightly wounded. "Whee!"
Your surroundings suddenly seem different.
A scorpion, 4 gnolls, an iguana, a hound and 2 orc priests come into view.
Found a scroll labelled SUUCUOKHUTZO.
The orc priest moves out of view.
As you read the scroll labelled ACITZA FYVU, it crumbles to dust.
You hear a loud clanging noise!
It was a scroll of noise.
The gnoll shouts! x2; The orc priest shouts!
The iguana hisses angrily.
The gnoll bouda shouts!
The gnoll shouts!
You hear a shout!
The hound barks!
You hear a shout! x2
The gnoll bouda barks out a call to the hunt!
The gnolls pick up the pace!
The gnoll hits you from afar with a +0 halberd. x2
* * * LOW HITPOINT WARNING * * *
The orc priest closely misses you.
As you read the scroll labelled SUUCUOKHUTZO, it crumbles to dust.
It is a scroll of identify.
k - 4 scrolls of teleportation The gnoll misses you.
The iguana misses you.
The orc priest invokes the aid of Beogh against you.
Beogh smites you!
* * * LOW HITPOINT WARNING * * *
The gnoll closely misses you.
The gnoll throws a throwing net.
The throwing net hits you.
You become entangled in the net!
As you read the scroll of teleportation, it crumbles to dust.
You feel strangely unstable.
An orc wizard comes into view. It is wielding a +0 dagger.
The gnoll hits you from afar with a +0 halberd.
* * * LOW HITPOINT WARNING * * *
The gnoll hits you but does no damage. The iguana bites you!
You die...
Xom bursts into laughter!

. .. .. #. .#
#. h# ###.##g#
#....?.#
#.#......###.#
#...ggs......#
#..l@.g#
#...oo.#
###.##.# #. o#
#. # #. #. #.


You could see a gnoll bouda, a scorpion, an iguana, a hound, 2 orc priests, an
orc wizard and 3 gnolls.

Vanquished Creatures
  A water moccasin (D:4)
  An ice beast (D:5)
  A black bear (D:5)
  An ogre (D:5)
  A scorpion (D:4)
  A howler monkey (D:5)
  2 hounds (D:5)
  2 jellies (D:3)
  An orc priest (D:3)
  Jessica (D:3)
  An iguana (D:5)
  An orc wizard (D:4)
  3 gnolls
  6 adders
  A shadow imp (D:5)
  3 worms
  3 dart slugs
  8 orcs
  8 ball pythons
  6 bats
  15 endoplasms
  3 giant cockroaches
  7 hobgoblins
  17 kobolds
  6 quokkas
  4 frilled lizards
  3 goblins
  6 rats
113 creatures vanquished.

Vanquished Creatures (collateral kills)
  A scorpion (D:3)
  An endoplasm (D:4)
2 creatures vanquished.

Vanquished Creatures (others)
  12 fungi (D:3)
  3 plants (D:1)
  6 toadstools (D:3)
21 creatures vanquished.

Grand Total: 136 creatures vanquished

Notes
Turn   | Place    | Note
-------+----------+-------------------------------------------
     0 | D:1      | kingofthe the Gnoll Chaos Knight began the quest for the
                  | Orb.
     0 | D:1      | Reached XP level 1. HP: 23/23 MP: 1/1
    91 | D:1      | XOM: silly message
   123 | D:1      | XOM: divination: detect creatures
   136 | D:1      | Found a faded altar of an unknown god.
   142 | D:1      | Reached XP level 2. HP: 29/29 MP: 2/2
   381 | D:1      | Reached XP level 3. HP: 35/35 MP: 3/3
   457 | D:1      | XOM: noise
   605 | D:2      | Identified the +2 dagger of Jafuvung {heavy, rC+}
   643 | D:2      | Learned a level 1 spell: Summon Small Mammal
   718 | D:2      | XOM: scenery: create altars
   726 | D:2      | Reached skill level 1 in Invocations
   785 | D:2      | Reached skill level 1 in Short Blades
   785 | D:2      | Reached skill level 1 in Long Blades
   785 | D:2      | Reached skill level 1 in Maces & Flails
   785 | D:2      | Reached skill level 1 in Polearms
   785 | D:2      | Reached skill level 1 in Staves
   785 | D:2      | Reached skill level 1 in Ranged Weapons
   785 | D:2      | Reached skill level 1 in Throwing
   785 | D:2      | Reached skill level 1 in Stealth
   785 | D:2      | Reached skill level 1 in Shields
   785 | D:2      | Reached skill level 1 in Unarmed Combat
   785 | D:2      | Reached skill level 1 in Spellcasting
   785 | D:2      | Reached skill level 1 in Evocations
   826 | D:2      | Reached XP level 4. HP: 37/41 MP: 5/5
   947 | D:2      | Reached skill level 1 in Conjurations
   947 | D:2      | Reached skill level 1 in Hexes
   947 | D:2      | Reached skill level 1 in Summonings
   947 | D:2      | Reached skill level 1 in Necromancy
   947 | D:2      | Reached skill level 1 in Translocations
   947 | D:2      | Reached skill level 1 in Transmutations
   947 | D:2      | Reached skill level 1 in Fire Magic
   947 | D:2      | Reached skill level 1 in Ice Magic
   947 | D:2      | Reached skill level 1 in Air Magic
   947 | D:2      | Reached skill level 1 in Earth Magic
   947 | D:2      | Reached skill level 1 in Poison Magic
   973 | D:2      | Found Anycopt's Armour Shop.
  1329 | D:3      | XOM: scenery: 1 doors open
  1368 | D:3      | Reached XP level 5. HP: 47/47 MP: 5/7
  1638 | D:3      | XOM: scenery: summon butterflies
  1910 | D:3      | HP: 2/46 [endoplasm (3)]
  1922 | D:3      | HP: 2/46 [endoplasm (3)]
  2060 | D:2      | XOM: give mutations
  2060 | D:2      | Gained mutation: You expend magic power (3 MP) to
                  | strengthen your wands. [Xom's grace]
  2060 | D:2      | Gained mutation: Your mind is acute. (Int +4, Str/Dex -1)
                  | [Xom's grace]
  2060 | D:2      | Gained mutation: You are agile. (Dex +4, Str/Int -1) [Xom's
                  | grace]
  2060 | D:2      | Gained mutation: You have supernaturally acute eyesight.
                  | (SInv) [Xom's grace]
  2077 | D:2      | XOM: scenery: summon butterflies
  2171 | D:3      | XOM: 1-stop teleportation journey
  2231 | D:3      | Noticed Jessica
  2238 | D:3      | Killed Jessica
  2257 | D:3      | XOM: summons friendly shadow imp
  2261 | D:3      | Reached skill level 5 in Armour
  2261 | D:3      | Reached XP level 6. HP: 21/53 MP: 7/9
  2503 | D:3      | XOM: silly message
  2602 | D:3      | XOM: silly message
  2770 | D:3      | Found a shimmering blue altar of Sif Muna.
  2784 | D:3      | Found a broken altar of Ashenzari.
  2963 | D:4      | XOM: divination: magic mapping
  2964 | D:4      | XOM: silly message
  3188 | D:4      | Found a white marble altar of Elyvilon.
  3505 | D:4      | XOM: divination: magic mapping
  3526 | D:3      | Reached XP level 7. HP: 36/60 MP: 10/10
  3674 | D:4      | Found a sacrificial altar of Ru.
  3780 | D:4      | Learned a level 3 spell: Call Canine Familiar
  4329 | D:2      | Bought a +0 pair of boots for 49 gold pieces
  4372 | D:5      | Entered Level 5 of the Dungeon
  4372 | D:5      | Found a shimmering altar of Xom.
  4421 | D:5      | XOM: potion effect (brilliance)
  4424 | D:5      | XOM: divination: detect items
  4444 | D:4      | XOM: divination: detect creatures
  4473 | D:4      | XOM: god gift: 15 gold pieces
  4571 | D:4      | XOM: god gift: scroll labelled QAVVEU JENI {god gift}
  4924 | D:5      | Found a snail-covered altar of Cheibriados.
  4946 | D:5      | XOM: 4-stop teleportation journey
  5010 | D:5      | XOM: stat loss: -1 Int (13/14)
  5087 | D:5      | Reached XP level 8. HP: 60/67 MP: 12/12
  5169 | D:5      | Found an ornate altar of the Wu Jian Council.
  5681 | D:6      | XOM: summons 1 hostile demon
  5756 | D:6      | XOM: confusion
  5761 | D:6      | XOM: swap monsters
  5767 | D:6      | XOM: 1-stop teleportation journey
  5770 | D:6      | Mangled by an iguana

Illustrated notes

Levels and vault maps discovered:
D:1:      dpeg_arrival_rhombi, layout_rooms, ebering_ecumenical_altar_webs,
          serial_forest, infiniplex_forest_lined_2, infiniplex_forest_corner_1,
          infiniplex_forest_straight_4, infiniplex_forest_clump_double,
          infiniplex_forest_lined_ring, infiniplex_forest_end_double,
          infiniplex_forest_straight_4
D:2:      layout_rooms, serial_shops, nicolae_diamond_shop,
          amcnicky_mini_corridor_feature
D:3:      cheibrodos_fertilizer, layout_basic, minitemple,
          kennysheep_jessica_study
D:4:      layout_layer_cave, lemuel_doored_altar, nicolae_ru_awakened_eye
D:5:      layout_loops_ring, mainiacjoe_overflow_small_starburst,
          nzn_wu_jian_contemplation, mainiacjoe_overflow_concentric_impassable,
          kennysheep_decorative_pillar
D:6:      layout_loops_ring, mainiacjoe_overflow_cross_hatched,
          minmay_misc_feat_roman, lightli_orcish_oven

Skill      XL: |  1  2  3  4  5  6  7 |
---------------+----------------------+-----
Invocations    | 1 2 3 |  3.4
Short Blades   | 1 2 3 |  3.1
Long Blades    | 1 2 3 |  3.1
Maces & Flails | 1 2 3 |  3.1
Polearms       | 1 2 3 |  3.1
Staves         | 1 2 3 |  3.1
Ranged Weapons | 1 2 3 |  3.1
Throwing       | 1 2 3 |  3.1
Stealth        | 1 2 3 |  3.1
Shields        | 1 2 3 |  3.1
Unarmed Combat | 1 2 3 |  3.1
Spellcasting   | 1 2 3 |  3.1
Evocations     | 1 2 3 |  3.1
Conjurations   | 1 2 |  2.5
Hexes          | 1 2 |  2.5
Summonings     | 1 2 |  2.5
Necromancy     | 1 2 |  2.5
Translocations | 1 2 |  2.5
Transmutations | 1 2 |  2.5
Fire Magic     | 1 2 |  2.5
Ice Magic      | 1 2 |  2.5
Air Magic      | 1 2 |  2.5
Earth Magic    | 1 2 |  2.5
Poison Magic   | 1 2 |  2.5
Dodging        | 3 4 |  4.1
Armour         | 5 |  5.6
Fighting       | 7 |  7.3
Axes           | 7 |  7.3

Action                     |  1- 3 |  4- 6 |  7- 9 || total
---------------------------+-------+-------+-------++-------
  Melee: Hand axe          |    50 |       |       ||    50
         Bite              |     2 |    12 |     9 ||    23
         Punch             |     1 |     2 |     1 ||     4
         Dagger            |    17 |    83 |    78 ||   178
   Fire: Sling             |    35 |    38 |       ||    73
         Shortbow          |       |    95 |    65 ||   160
   Cast: Summon Small Mamm |       |       |     1 ||     1
  Evoke: Piece from Xom's  |     4 |     2 |       ||     6
    Use: Potion            |       |     2 |       ||     2
         Scroll            |       |       |     3 ||     3
   Stab: Petrified         |     3 |       |       ||     3
         Paralysed         |       |     1 |       ||     1
 Armour: Leather armour    |    21 |    45 |    56 ||   122
  Dodge: Dodged            |    45 |   113 |    91 ||   249

Table legend: (Time is in decaauts)
 A = Elapsed time spent in this place.
 B = Non-inter-level travel time spent in this place.
 C = Inter-level travel time spent in this place.
 D = Time resting spent in this place.
 E = Time spent auto-exploring this place.
 F = Levels seen in this place.
 G = Mean time per level.
                   A        B        C        D        E       F      G
               +--------+--------+--------+--------+--------+-----+--------+
         Total |   5896 |   5652 |    244 |    949 |   3635 |   6 |  982.7 |
       Dungeon |   5896 |   5652 |    244 |    949 |   3635 |   6 |  982.7 |
               +--------+--------+--------+--------+--------+-----+--------+

Top non-repeatable levels by time:
     D:3: 1670 daAuts
     D:4: 1584 daAuts
     D:5: 1037 daAuts
     D:2: 869 daAuts
     D:1: 584 daAuts
     D:6: 150 daAuts
